 Dungeon Crawl Stone Soup version 0.29.1-13-g9f3cf754e1 (webtiles) character file.

Game seed: 3857010754773684752

68 Exodus22XD the Covered (level 4, -9/40 HPs)
             Began as a Minotaur Fighter on Feb 5, 2023.
             Mangled by an ogre
             ... wielding a +0 giant spiked club
              (34 damage)
             ... on level 3 of the Dungeon.
             The game lasted 00:01:04 (1137 turns).

Exodus22XD the Covered (Minotaur Fighter)           Turns: 1137, Time: 00:01:05

Health: -9/40      AC:  7    Str: 23    XL:     4   Next: 1%
Magic:  3/3        EV:  9    Int:  5    God:
Gold:   49         SH:  4    Dex:  9    Spells: 3/3 levels left

rFire   . . .      SeeInvis .   a - +0 war axe
rCold   . . .      Faith    .   c - +0 buckler
rNeg    . . .      Spirit   .   b - +0 scale mail
rPois   .          Reflect  .   (helmet restricted)
rElec   .          Harm     .   (no cloak)
rCorr   .          Rampage  .   (no gloves)
Will    .....                   (no boots)
Stlth   ..........              (no amulet)
HPRegen 0.13/turn               (no ring)
MPRegen 0.08/turn               (no ring)

@: no status effects
A: horns 2, retaliatory headbutt
a: no special abilities


You were on level 3 of the Dungeon.
You visited 1 branch of the dungeon, and saw 4 of its levels.

You collected 49 gold pieces.

Inventory:

Hand Weapons
 a - a +0 war axe (weapon)
Armour
 b - a +0 scale mail (worn)
 c - a +0 buckler (worn)
Scrolls
 e - 3 scrolls of teleportation
 f - 2 scrolls of identify {unknown}
 h - a scroll of immolation {unknown}
 j - a scroll of poison {unknown}
 k - a scroll of enchant armour {unknown}
Potions
 d - a potion of might
 g - a potion of flight {unknown}
 i - 3 potions of curing {unknown}
 l - a potion of magic {unknown}
 m - a potion of invisibility {unknown}
 n - 2 potions of berserk rage {unknown}


   Skills:
 + Level 4.2 Fighting
 + Level 3.4 Axes
 + Level 4.4 Armour
 + Level 4.1 Shields


You had 3 spell levels left.
You didn't know any spells.
Your spell library was empty.

Dungeon Overview and Level Annotations

Branches:
Dungeon (4/15)
 Temple: D:4-7

Altars:
Okawaru


Innate Abilities, Weirdness & Mutations

You have a pair of horns on your head.
You reflexively headbutt those who attack you in melee.


Message History

The ogre shouts!
A jelly comes into view.
The jelly quivers.
Okay, then.
Okay, then.
As you read the scroll labelled YGRUMU DUGIPTA, it crumbles to dust.
You feel strangely unstable.
It was a scroll of teleportation.
You barely miss the ogre.
The ogre hits you with a +0 giant club!!
You hit the ogre.
The ogre is lightly wounded.
Your surroundings suddenly seem different.
Found 14 gold pieces.
Found an iron altar of Okawaru.
No target in view!
Found a scroll labelled YRIYFEOTEKH.
Found a scroll labelled BUFFOGH UMUMIQ.
An ogre comes into view. It is wielding a +0 giant spiked club.
Found a stone staircase leading down.
The ogre shouts!
There is an iron altar of Okawaru here.
You kneel at the altar of Okawaru.
Unknown command.
Press < or > to pray at altars.
You see here 14 gold pieces.
An endoplasm comes into view.
The endoplasm quivers.
Found a stone staircase leading up.
The endoplasm jiggles.
The ogre barely misses you.
There is a stone staircase leading up here.
You block the ogre's attack.
You climb upwards.
The hobgoblin shouts!
There is a stone staircase leading down here.
You barely miss the ogre. Your headbutt misses the ogre.
You slash the hobgoblin!
You kill the hobgoblin!
The ogre hits you with a +0 giant spiked club!!
Ouch! That really hurt!
You die...

# #. . ##
##. .#
..##.
#..# #.@#
#...##O.#
#.# .## #
##


You could see an ogre.

Vanquished Creatures
  3 gnolls (D:2)
  4 dart slugs (D:1)
  2 ball pythons
  A bat (D:2)
  5 endoplasms
  2 giant cockroaches
  2 goblins
  5 hobgoblins
  4 kobolds
  A quokka (D:2)
  A rat (D:1)
30 creatures vanquished.

Notes
Turn   | Place    | Note
-------+----------+-------------------------------------------
     0 | D:1      | Exodus22XD the Minotaur Fighter began the quest for the
                  | Orb.
     0 | D:1      | Reached XP level 1. HP: 19/19 MP: 0/0
     2 | D:1      | Noticed a minotaur
     2 | D:1      | Noticed a spriggan
     4 | D:1      | Noticed a naga
     4 | D:1      | Noticed a meteoran
     6 | D:1      | Noticed a merfolk
     8 | D:1      | Noticed a tengu
     8 | D:1      | Noticed a demonspawn
    10 | D:1      | Noticed a vine stalker
    12 | D:1      | Noticed a troll
    12 | D:1      | Noticed a gargoyle
    14 | D:1      | Noticed a demigod
    14 | D:1      | Noticed a felid
    16 | D:1      | Noticed an elf
    16 | D:1      | Noticed a ghoul
    18 | D:1      | Noticed an ogre
    20 | D:1      | Noticed a palentonga
    20 | D:1      | Noticed a vampire
    22 | D:1      | Noticed an octopode
    22 | D:1      | Noticed a human
    24 | D:1      | Noticed a formicid
    24 | D:1      | Noticed a tengu
    26 | D:1      | Noticed a draconian
    26 | D:1      | Noticed a merfolk
    67 | D:1      | Reached XP level 2. HP: 20/27 MP: 1/1
   740 | D:2      | Reached XP level 3. HP: 27/33 MP: 2/2
  1087 | D:2      | Reached XP level 4. HP: 40/40 MP: 3/3
  1090 | D:2      | You fall into a shaft and drop 2 floors!
  1106 | D:4      | Noticed an ogre
  1111 | D:4      | Found an iron altar of Okawaru.
  1117 | D:4      | Noticed an ogre
  1137 | D:3      | Mangled by an ogre

Illustrated notes

Levels and vault maps discovered:
D:1:      kb_arrival_jail, layout_basic, minmay_misc_feat_four_crosses,
          minmay_tall_x
D:2:      layout_loops_cross, chequers_avenue, minmay_three_crescents
D:3:      layout_loops_ring, xom_confusion_cloud, grunt_gozag_breadcrumbs,
          gammafunk_temple_overflow_claw, hellmonk_ecumenical_altar_arch_garden,
          st_stairs_7
D:4:      layout_basic, hangedman_ru_absence, okawaru_trees_1, uniq_natasha

Skill      XL: |  1  2  3 |
---------------+----------+-----
Armour         | 4 |  4.4
Fighting       | 4 |  4.2
Shields        | 4 |  4.1
Axes           | 3 |  3.4

Action                   |  1- 3 |  4- 6 || total
-------------------------+-------+-------++-------
Melee: War axe           |    48 |     4 ||    52
       Headbutt          |     8 |       ||     8
  Use: Scroll            |       |     1 ||     1
Armor: Scale mail        |    19 |     1 ||    20
Dodge: Dodged            |    28 |     3 ||    31
Block: Buckler           |     8 |     2 ||    10
